 Dungeon Crawl Stone Soup version 0.28.0-45-g0d030f2227 (webtiles) character file.

Game seed: 5958011574319263979

28 Peloso the Skirmisher (level 2, 0/27 HPs)
             Began as a Minotaur Fighter on Apr 7, 2022.
             Succumbed to an adder's poison
             ... on level 2 of the Dungeon.
             The game lasted 00:00:58 (614 turns).

Peloso the Skirmisher (Minotaur Fighter)             Turns: 614, Time: 00:00:58

Health: 0/27       AC:  7    Str: 20    XL:     2   Next: 96%
Magic:  1/1        EV:  6    Int:  5    God:
Gold:   65         SH:  4    Dex:  9    Spells: 1/1 levels left

rFire   . . .      SeeInvis .   a - +0 long sword
rCold   . . .      Faith    .   c - +0 buckler
rNeg    . . .      Spirit   .   b - +0 scale mail
rPois   .          Reflect  .   (helmet restricted)
rElec   .          Harm     .   (no cloak)
rCorr   .          Rampage  .   (no gloves)
Will    .....                   (no boots)
Stlth   ..........              (no amulet)
HPRegen 0.09/turn               (no ring)
MPRegen 0.07/turn               (no ring)

@: lethally poisoned (0 -> -1), constricted
A: horns 2, retaliatory headbutt
a: no special abilities


You were on level 2 of the Dungeon.
You visited 1 branch of the dungeon, and saw 2 of its levels.

You collected 65 gold pieces.

Inventory:

Hand Weapons
 a - a +0 long sword (weapon)
Armour
 b - a +0 scale mail (worn)
 c - a +0 buckler (worn)
Jewellery
 e - an amulet of magic regeneration
Scrolls
 f - a scroll of noise {unknown}
Potions
 d - a potion of might


   Skills:
 + Level 4.2 Fighting
 + Level 2.8 Long Blades
 + Level 4.0 Armour
 + Level 4.0 Shields


You had one spell level left.
You didn't know any spells.
Your spell library was empty.

Dungeon Overview and Level Annotations

Branches:
Dungeon (2/15)

Altars:


Innate Abilities, Weirdness & Mutations

You have a pair of horns on your head.
You reflexively headbutt those who attack you in melee.


Message History

You feel sick. You block the adder's attack.
The ball python bites you but does no damage.
The ball python constricts you. The adder barely misses you.
Unknown command.
You miss the adder.
The adder is almost dead.
You feel sick.
You are no longer poisoned.
The ball python bites you. The ball python constricts you.
The adder bites you. x2
You are poisoned.
The adder poisons you! You block the ball python's attack.
The ball python constricts you.
* * * LOW HITPOINT WARNING * * *
You barely miss the adder.
The adder is almost dead.
You feel sick. The adder bites you.
* * * LOW HITPOINT WARNING * * *
The ball python bites you but does no damage.
The ball python constricts you.
Unknown command.
You barely miss the adder.
The adder is almost dead.
You feel sick. You block the adder's attack. The ball python barely misses you.
The ball python constricts you.
* * * LOW HITPOINT WARNING * * *
The adder bites you but does no damage. The ball python bites you.
* * * LOW HITPOINT WARNING * * *
The ball python constricts you.
You slash the adder!
You kill the adder!
* * * LOW HITPOINT WARNING * * *
You feel sick. The ball python barely misses you.
The ball python constricts you.
Your Armour skill increases to level 4!
Your Shields skill increases to level 4!
There is a lethal amount of poison in your body!
Okay, then.
You hit the ball python. Your headbutt misses the ball python.
The ball python is moderately wounded.
You die...

..... .....#
......###### .
#..........# ..
#..........##...
.......<........
#..............
#......††..###.
#.......@S.#
#..........#
############


You could see a ball python.

Vanquished Creatures
  An adder (D:2)
  A dart slug (D:1)
  3 goblins (D:1)
  2 hobgoblins (D:1)
  A kobold (D:1)
  2 quokkas (D:1)
  2 bats (D:1)
  2 frilled lizards (D:1)
  3 rats
17 creatures vanquished.

Notes
Turn   | Place    | Note
-------+----------+-------------------------------------------
     0 | D:1      | Peloso the Minotaur Fighter began the quest for the Orb.
     0 | D:1      | Reached XP level 1. HP: 19/19 MP: 0/0
    88 | D:1      | Found a faded altar of an unknown god.
   262 | D:1      | Reached XP level 2. HP: 26/27 MP: 1/1
   613 | D:2      | HP: 1/27 [poisoned by an adder]
   614 | D:2      | Succumbed to an adder's poison

Illustrated notes

Levels and vault maps discovered:
D:1:      matt_arrival_refuge, layout_rooms, basic_ecumenical_altar,
          fountainhead, serial_park_tiny_2
D:2:      layout_rooms, minmay_misc_feat_x

Skill      XL: |  1  2 |
---------------+-------+-----
Fighting       | 4 |  4.2
Armour         | 4 |  4.0
Shields        | 4 |  4.0
Long Blades    | |  2.8

Action                   || total
-------------------------++-------
Melee: Long sword        ||    41
       Headbutt          ||     4
  Use: Potion            ||     1
Armor: Scale mail        ||    22
Dodge: Dodged            ||    21
Block: Buckler           ||    17
